AoeStats
← DippityDang

Nomad

508762028Analyzed
4v4 RM · 9d ago on Sep 23, 2026· 46m 27s· 8 players
Game mode
Random Map
Map size
231×231
Population
200
Speed
Normal
Resources
Standard
Victory
Conquest
Starting age
Dark Age
Ending age
Imperial Age
RankedLock teamsTeams togetherTeam positionsShared explorationLock speedFull tech treeHidden civsTurbo modeCheats
Victory
Defeat
🇺🇸 Koreans · United States
1578
+18
🇨🇳 Maya · China
1568
+18
🇲🇽 Magyars · Mexico
1519
+20
🇵🇪 Poles · Peru
1453
+22
🇲🇽 Danes · Mexico
1675
-22
🇺🇸 Shu · United States
1666
-23
🇲🇽 Saxons · Mexico
1656
-21
🇲🇽 Persians · Mexico
1433
-12
DippityDang
5:25 Loom
13:23 Feudal Age
17:02 Castle Age
15:37 Double-Bit Axe
16:51 Fletching
18:02 Bow Saw
17:48 Horse Collar
22:37 Bodkin Arrow
26:56 Ballistics
28:10 Husbandry
32:01 Thumb Ring
32:06 Gold Mining
38:54 Imperial Age
37:04 Stone Mining
38:12 Scale Mail Armor
38:24 Heavy Plow
39:04 Forging
40:00 Wheelbarrow
39:37 Bracer
43:06 Chemistry
45:30 Conscription
45:25 Squires
45:44 Chain Mail Armor
46:02 Masonry
ReBeL_Zaratustra
4:43 Loom
14:30 Feudal Age
15:03 Double-Bit Axe
14:59 Horse Collar
16:25 Horse Collar
18:19 Wheelbarrow
22:34 Castle Age
24:14 Demolition Ship
25:09 Bow Saw
25:00 Heavy Plow
28:10 Fishing Lines
28:39 Town Watch
30:09 Stone Mining
30:13 Gold Mining
32:08 Gold Shaft Mining
33:36 Scale Barding Armor
35:06 Chain Barding Armor
35:00 Bloodlines
34:50 Husbandry
34:59 Corvinian Army
36:21 Hand Cart
40:53 Imperial Age
41:01 Elite Magyar Huszar
42:08 Conscription
41:48 Recurve Bow
42:26 Plate Barding Armor
CTM | KLIN
4:31 Loom
13:26 Feudal Age
17:03 Castle Age
20:27 Double-Bit Axe
21:21 Scale Mail Armor
28:31 Horse Collar
31:38 Bow Saw
31:47 Heavy Plow
31:42 Town Watch
34:23 Szlachta Privileges
35:19 Wheelbarrow
35:06 Gold Mining
35:57 Husbandry
36:08 Bloodlines
39:18 Scale Barding Armor
43:18 Imperial Age
44:32 Chain Barding Armor
我是你巴巴
4:25 Loom
14:55 Feudal Age
19:07 Castle Age
20:22 Fletching
20:23 Town Watch
24:12 Double-Bit Axe
29:39 Bodkin Arrow
29:44 Padded Archer Armor
37:55 Fishing Lines
41:14 Bow Saw
42:40 Wheelbarrow
42:29 Gillnets
44:37 Horse Collar
45:11 Gold Mining
49:09 Imperial Age
VL SlenderMan
4:02 Loom
13:25 Feudal Age
14:11 Double-Bit Axe
18:02 Fletching
22:28 Castle Age
22:57 Gold Mining
23:07 Bodkin Arrow
22:34 Crossbowman
28:07 Padded Archer Armor
32:00 Ballistics
32:50 Wheelbarrow
40:13 Imperial Age
38:11 Stone Mining
38:12 Gold Mining
39:17 Leather Archer Armor
40:09 Hand Cart
40:46 Thumb Ring
40:57 Bracer
41:58 Chemistry
43:25 Arbalester
46:54 Ring Archer Armor
VL Carlos Manzo
6:02 Loom
12:45 Feudal Age
18:18 Castle Age
17:01 Double-Bit Axe
20:23 Bow Saw
23:20 Fletching
33:46 Bodkin Arrow
34:09 Padded Archer Armor
42:04 Ballistics
45:30 Thumb Ring
VL JPGP
4:41 Loom
12:21 Feudal Age
13:27 Town Watch
18:30 Castle Age
19:55 Fishing Lines
21:38 Double-Bit Axe
22:23 Gold Mining
23:41 Bow Saw
31:09 Gillnets
38:10 Imperial Age
36:44 Gold Shaft Mining
36:48 Stone Mining
36:47 Horse Collar
38:45 Scale Mail Armor
38:56 Fletching
40:17 Wheelbarrow
39:57 Bodkin Arrow
42:05 Bracer
42:44 Conscription
44:00 Chain Mail Armor
VL Ferdinand
4:16 Loom
12:57 Feudal Age
15:35 Fishing Lines
19:41 Castle Age
17:51 Double-Bit Axe
18:28 Horse Collar
19:07 Gold Mining
20:32 Bow Saw
24:16 Bloodlines
24:34 Gillnets
28:01 Scale Barding Armor
29:19 Husbandry
32:23 Chain Barding Armor
34:20 Wheelbarrow
35:35 Hand Cart
39:03 Forging
42:41 Imperial Age
41:43 Town Watch
42:31 Light Cavalry
43:52 Plate Barding Armor
44:17 Conscription
44:12 Fletching
44:54 Pikeman
45:34 Squires
47:33 Chemistry
Connection lost

Rejoining the realm…

Still unreachable

The connection could not be restored.

Session expired

The server has moved on; the page needs a fresh start.